 Dungeon Crawl Stone Soup version 0.28.0-45-g0d030f2227 (webtiles) character file.

Game seed: 3172297385917225363

53 Icepheonix32 the Skirmisher (level 3, -1/24 (29) HPs)
             Began as a Demonspawn Fighter on Apr 6, 2022.
             Killed by divine providence
             ... invoked by an orc priest
              (12 damage)
             ... on level 3 of the Dungeon.
             The game lasted 00:01:16 (1672 turns).

Icepheonix32 the Skirmisher (Demonspawn Fighter)    Turns: 1672, Time: 00:01:17

HP:   -1/24 (29)    AC:  6    Str: 18    XL:     3   Next: 62%
MP:   3/3           EV:  9    Int:  9    God:
Gold: 96            SH:  4    Dex: 12    Spells: 2/2 levels left

rFire   + . .      SeeInvis .   a - +0 long sword
rCold   . . .      Faith    .   c - +0 buckler
rNeg    . . .      Spirit   .   b - +0 scale mail
rPois   .          Reflect  .   (no helmet)
rElec   .          Harm     .   (no cloak)
rCorr   .          Rampage  .   (no gloves)
Will    .....                   (no boots)
Stlth   ..........              (no amulet)
HPRegen 0.08/turn               j - ring of protection from fire
MPRegen 0.08/turn               (no ring)

@: heavily drained
A: powered by pain 1, sturdy frame 1
a: no special abilities


You were on level 3 of the Dungeon.
You visited 1 branch of the dungeon, and saw 3 of its levels.

You collected 96 gold pieces.

Inventory:

Hand Weapons
 a - a +0 long sword (weapon)
Armour
 b - a +0 scale mail (worn)
 c - a +0 buckler (worn)
Jewellery
 j - a ring of protection from fire (left hand)
Scrolls
 f - a scroll of enchant armour
 g - a scroll of holy word {unknown}
 h - a scroll of immolation {unknown}
 i - a scroll of noise {unknown}
 m - 2 scrolls of identify
Potions
 d - a potion of might
 e - a potion of curing {unknown}
 k - a potion of berserk rage {unknown}
 l - a potion of invisibility {unknown}
 n - a potion of flight {unknown}


   Skills:
 + Level 3.3 Fighting
 * Level 2.7 Long Blades
 * Level 3.1 Armour
 + Level 2.9 Shields


You had 2 spell levels left.
You didn't know any spells.
Your spell library contained the following spells:

 Spells                   Type           Power      Damage    Failure   Level
 Ensorcelled Hibernation  Hex/Ice        0%         N/A       86%         2
 Spider Form              Tmut/Pois      0%         N/A       97%         3
 Anguish                  Hex/Necr       0%         N/A       100%        4


Dungeon Overview and Level Annotations

Branches:
Dungeon (3/15)

Altars:


Innate Abilities, Weirdness & Mutations

You sometimes gain a little power by taking damage.
Your movements are slightly less encumbered by armour. (ER -2)


Message History

A goblin comes into view. It is wielding a +0 dagger.
The goblin shouts!
You hear a shout!
Found 10 gold pieces.
Found a stone staircase leading down.
The goblin hits you but does no damage.
You slash the goblin!
You kill the goblin!
An orc priest comes into view. It is wielding a +0 hand axe.
An orc comes into view.
It is wielding a +1 short sword of draining.
The orc priest miscasts a cantrip.
You closely miss the orc priest.
The orc priest hits you but does no damage.
You hit the orc priest.
The orc priest is moderately wounded.
You hit the orc but do no damage. The orc closely misses you.
The orc priest looks braver for a moment.
You slash the orc priest!
The orc priest is severely wounded.
The orc hits you but does no damage.
You feel drained.
The orc priest hits you but does no damage.
You hit the orc priest.
The orc priest is severely wounded.
The orc hits you but does no damage.
You feel drained.
The orc priest hits you with a +0 hand axe.
The orc hits you with a +1 short sword of draining.
You feel drained.
You closely miss the orc priest.
The orc priest is severely wounded.
The orc priest hits you with a +0 hand axe.
The orc hits you with a +1 short sword of draining.
You feel drained.
The orc priest looks braver for a moment.
You barely miss the orc priest.
The orc priest is severely wounded.
The orc hits you with a +1 short sword of draining.
You feel drained.
The orc priest calls down the wrath of Beogh upon you.
Beogh smites you!
Ouch! That really hurt!
You die...

#.# #. #.# #. #.# #.
#.# #.## #.# ##$..
#.# .####...# #.#
......oo# #.#
#..@######.# #.#
######).......# #.#
.....>...###### #.#
########.#########.#
#...........#
#############


You could see an orc priest and an orc.

Vanquished Creatures
  2 adders (D:2)
  A dart slug (D:1)
  6 ball pythons
  3 endoplasms
  A giant cockroach (D:1)
  2 goblins
  5 hobgoblins
  3 bats (D:2)
  3 frilled lizards
  7 rats
33 creatures vanquished.

Notes
Turn   | Place    | Note
-------+----------+-------------------------------------------
     0 | D:1      | Icepheonix32 the Demonspawn Fighter began the quest for the
                  | Orb.
     0 | D:1      | Reached XP level 1. HP: 18/18 MP: 1/1
    59 | D:1      | Found a faded altar of an unknown god.
   234 | D:1      | Gained mutation: You sometimes gain a little power by
                  | taking damage. [demonic ancestry]
   234 | D:1      | Reached XP level 2. HP: 24/24 MP: 2/2
   753 | D:2      | Gained mutation: Your movements are slightly less
                  | encumbered by armour. (ER -2) [demonic ancestry]
   753 | D:2      | Reached XP level 3. HP: 28/29 MP: 3/3
  1672 | D:3      | Killed from afar by an orc priest

Illustrated notes

Levels and vault maps discovered:
D:1:      dpeg_arrival_rooms_c, layout_basic, hellmonk_ecumenical_altar_run_dry
D:2:      layout_loops_ring, grunt_decor_mini_mirrors, minmay_door_square
D:3:      layout_loops_ring

Skill      XL: |  1  2 |
---------------+-------+-----
Long Blades    | 2 |  2.7
Armour         | 3 |  3.1
Fighting       | |  3.3
Shields        | |  2.9

Action                   || total
-------------------------++-------
Melee: Long sword        ||    81
  Use: Scroll            ||     1
Armor: Scale mail        ||    38
Dodge: Dodged            ||    36
Block: Buckler           ||    17
